 Dungeon Crawl Stone Soup version 0.28-a0-1199-gef9e1dbd39 (webtiles) character file.

Game seed: 1829601357933928848

60 freelancePsychic the Bolt Thrower (level 3, -3/31 HPs)
             Began as a Minotaur Hunter on Dec 20, 2021.
             Slain by a gnoll (6 damage)
             ... on level 3 of the Dungeon.
             The game lasted 00:02:45 (1261 turns).

freelancePsychic the Bolt Thrower (Minotaur Hunter) Turns: 1261, Time: 00:02:46

Health: -3/31      AC:  7    Str: 18    XL:     3   Next: 80%
Magic:  2/2        EV: 10    Int:  8    God:
Gold:   58         SH:  0    Dex: 10    Spells: 2/2 levels left

rFire   . . .      SeeInvis .   (no weapon)
rCold   . . .      Faith    .   (no shield)
rNeg    . . .      Spirit   .   g - +0 scale mail
rPois   .          Reflect  .   (helmet restricted)
rElec   .          Harm     .   (no cloak)
rCorr   .          Rampage  .   k - +0 pair of gloves
Will    .....                   (no boots)
Stlth   ..........              (no amulet)
HPRegen 0.10/turn               (no ring)
MPRegen 0.08/turn               (no ring)

@: no status effects
A: horns 2, retaliatory headbutt
a: no special abilities


You were on level 3 of the Dungeon.
You visited 1 branch of the dungeon, and saw 3 of its levels.

You collected 58 gold pieces.

Inventory:

Hand Weapons
 a - a +1 hand crossbow
 b - a +0 short sword
Armour
 c - a +0 leather armour
 g - a +0 scale mail (worn)
 k - a +0 pair of gloves (worn)
Scrolls
 e - a scroll of teleportation {@r4}
 h - a scroll of vulnerability
 j - a scroll of fear {unknown}


   Skills:
 + Level 3.5 Fighting
 + Level 2.0 Short Blades
 + Level 5.0 Crossbows
 - Level 2.1 Dodging
 - Level 0.7 Stealth


You had 2 spell levels left.
You didn't know any spells.
Your spell library contained the following spells:

 Spells                   Type           Power      Damage    Failure   Level
 Ozocubu's Armour         Ice            0%         N/A       99%         3
 Metabolic Englaciation   Hex/Ice        0%         N/A       100%        5
 Simulacrum               Ice/Necr       0%         N/A       100%        6


Dungeon Overview and Level Annotations

Branches:
Dungeon (3/15)

Altars:

Annotations:
D:2 Sigmund
D:3 Terence


Innate Abilities, Weirdness & Mutations

You have a pair of horns on your head.
You reflexively headbutt those who attack you in melee.


Message History

Press: ? - help, Q - select action Shift-Dir - straight line, f/p - Terence
Aim: Terence, wielding a +0 mace and wearing a +1 scale mail of poison resistance (heavily wounded, 68% to hit)
You shoot a bolt. The bolt hits Terence.
Terence is severely wounded.
The jackal bites you but does no damage.
The gnoll completely misses you. Terence hits you with a +0 mace.
* * * LOW HITPOINT WARNING * * *
The jackal bites you but does no damage.
The gnoll hits you but does no damage.
Fire: bolt
Press: ? - help, Q - select action Shift-Dir - straight line, f/p - Terence
Aim: Terence, wielding a +0 mace and wearing a +1 scale mail of poison resistance (severely wounded, 68% to hit)
You shoot a bolt. The bolt barely misses Terence.
The bolt hits the jackal!
You kill the jackal!
The gnoll hits you but does no damage.
The jackal bites you but does no damage.
Terence drinks a potion.
Terence is healed!
The gnoll hits you but does no damage. x2; The jackal barely misses you.
Unknown command.
b - a +0 short sword (weapon)
Terence hits you but does no damage. The gnoll hits you but does no damage.
You are now empty-handed.
The jackal bites you but does no damage.
You hit Terence but do no damage.
Terence is heavily wounded.
The gnoll hits you from afar with a +0 spear.
* * * LOW HITPOINT WARNING * * *
The jackal bites you but does no damage.
Terence hits you with a +0 mace.
* * * LOW HITPOINT WARNING * * *
The gnoll hits you but does no damage.
You hit Terence but do no damage.
Terence is heavily wounded.
You feel less wooden.
Your +0 pair of gloves unmelds from your body.
Your +0 scale mail unmelds from your body.
The jackal bites you but does no damage.
The gnoll hits you but does no damage. Terence barely misses you.
The gnoll hits you from afar with a +0 spear.
You die...

### #.#
#######.#
.......(###
#.....g(h#
#.####.#@#
#.#@# ..g(.
##..###
#(.# #..#
.... .#..


You could see Terence, 2 gnolls and a jackal.

Vanquished Creatures
  A gnoll (D:3)
  2 dart slugs
  3 bats
  4 endoplasms
  4 giant cockroaches
  2 hobgoblins
  7 jackals
  5 kobolds
  A quokka (D:1)
  6 ball pythons
  3 frilled lizards
  2 rats
40 creatures vanquished.

Notes
Turn   | Place    | Note
-------+----------+-------------------------------------------
     0 | D:1      | freelancePsychic the Minotaur Hunter began the quest for
                  | the Orb.
     0 | D:1      | Reached XP level 1. HP: 18/18 MP: 0/0
   142 | D:1      | Reached XP level 2. HP: 25/25 MP: 1/1
   160 | D:1      | Reached skill level 1 in Short Blades
   381 | D:1      | Reached XP level 3. HP: 31/31 MP: 2/2
   401 | D:1      | Found a faded altar of an unknown god.
   985 | D:2      | Noticed Sigmund
  1231 | D:3      | Noticed Terence
  1244 | D:3      | Reached skill level 5 in Crossbows
  1261 | D:3      | Slain by a gnoll

Illustrated notes

Levels and vault maps discovered:
D:1:      saegor_arrival_under_anarchy, layout_basic,
          shapermc_ecumenical_altar_ellora
D:2:      layout_loops_ring, grunt_ministairs_4, minivault_26,
          kennysheep_generic_room_9, uniq_sigmund
D:3:      layout_basic, uniq_terence

Skill      XL: |  1  2  3 |
---------------+----------+-----
Short Blades   | 1 2 |  2.0
Fighting       | 3 |  3.5
Crossbows      | 5 |  5.0
Dodging        | |  2.1
Stealth        | |  0.7

Action                   || total
-------------------------++-------
Melee: Short sword       ||    25
       Headbutt          ||     7
       Unarmed           ||     2
 Fire: Hand crossbow     ||    61
  Use: Scroll            ||     2
       Potion            ||     1
Armor: Scale mail        ||    16
       Skin              ||   102
Dodge: Dodged            ||    23

Table legend: (Time is in decaauts)
 A = Elapsed time spent in this place.
 B = Non-inter-level travel time spent in this place.
 C = Inter-level travel time spent in this place.
 D = Time resting spent in this place.
 E = Time spent auto-exploring this place.
 F = Levels seen in this place.
 G = Mean time per level.
                   A        B        C        D        E       F      G
               +--------+--------+--------+--------+--------+-----+--------+
         Total |   1278 |   1163 |    115 |      0 |    906 |   3 |  426.0 |
       Dungeon |   1278 |   1163 |    115 |      0 |    906 |   3 |  426.0 |
               +--------+--------+--------+--------+--------+-----+--------+

Top non-repeatable levels by time:
     D:1: 843 daAuts
     D:2: 369 daAuts
     D:3: 65 daAuts
